 Dungeon Crawl Stone Soup version 0.31-a0-485-gaadceae713 (webtiles) character file.

Game seed: 11551473476522053138

233 senseless the Ruffian (level 5, 0/48 HPs)
             Began as a Demonspawn Shapeshifter on Aug 7, 2023.
             Was an Elder of Jiyva.
             Killed by nerve-wracking pain
             ... invoked by an orc priest
              (10 damage)
             ... on level 4 of the Dungeon.
             The game lasted 00:08:14 (2725 turns).

senseless the Ruffian (Demonspawn Shapeshifter)     Turns: 2725, Time: 00:08:15

Health: 0/48       AC:  5    Str: 18    XL:     5   Next: 74%
Magic:  5/5        EV: 11    Int:  9    God:    Jiyva [****..]
Gold:   134        SH:  5    Dex: 13    Spells: 4/4 levels left

rFire   . .          .
                       - Unarmed
rCold   . . .        (no shield)
rNeg    . . .        a - +0 ring mail
rPois   .            (helmet currently unavailable)
rElec   .            (cloak currently unavailable)
rCorr   +            (gloves currently unavailable)
SInv    .            m - melded +2 pair of boots
Will    .....        j - amulet of reflection
Stlth   +            (no ring)
HPRegen 1.56/turn    (no ring)
MPRegen 0.58/turn

%: reflection
@: beast-form
A: beast (slay +2), magic regeneration, demonic touch 2, robust 2, acidic bite,
engulf
a: Begin Untransformation, Renounce Religion, Oozemancy, Slimify


You were on level 4 of the Dungeon.
You worshipped Jiyva.
Jiyva was greatly pleased with you.
You were a hulking beast.
You visited 1 branch of the dungeon, and saw 4 of its levels.

You collected 134 gold pieces.

Inventory:

Hand Weapons
 i - a +3 spear
Missiles
 k - 5 javelins (quivered)
 o - 2 throwing nets
Armour
 a - a +0 ring mail (worn)
 e - a +0 leather armour
 m - a +2 pair of boots (melded)
Jewellery
 j - an amulet of reflection (around neck)
Talismans
 c - a beast talisman (active)
Scrolls
 f - 3 scrolls of revelation
 l - a scroll of summoning {unknown}
 n - a scroll of noise {unknown}
 r - a scroll of torment
Potions
 b - a potion of lignification
 d - a potion of brilliance
 g - a potion of berserk rage
 h - a potion of magic
 p - a potion of heal wounds {unknown}
 q - a potion of attraction {unknown}
 s - a potion of might {unknown}


   Skills:
 + Level 2.9 Fighting
 + Level 3.1 Dodging
 + Level 3.7 Unarmed Combat
 + Level 3.5 Shapeshifting


You had 4 spell levels left.
You didn't know any spells.
Your spell library was empty.

Dungeon Overview and Level Annotations

Branches:
Dungeon (4/15)
 Temple: D:4-7

Altars:
Cheibriados
Makhleb
Qazlal
Trog
Xom
Jiyva

Shops:
D:1 (


Innate Abilities, Weirdness & Mutations

You are a hulking beast.
Your limbs bulge with bestial killing power. (Slay +2)
You regenerate magic rapidly.
Your touch may inflict irresistible damage on your foes.
You are very robust. (+20% HP)
You have acidic saliva.
Your melee attacks may engulf your foes in ooze.


Message History

An orc comes into view. It is wielding a +0 hand axe.
The gnoll attacks as you move away! The gnoll barely misses you.
The gnoll attacks as you move away! You block the gnoll's attack.
You hit the gnoll but do no damage.
You touch the gnoll!
The gnoll is almost dead.
The gnoll hits you with a +0 whip.
You hit the gnoll but do no damage.
You touch the gnoll.
You kill the gnoll!
The gnoll hits you from afar with a +0 halberd.
You hear a distant slurping noise.
The orc priest begins to cast a cantrip, but forgets the words!
The gnoll barely misses you.
You punch the gnoll! You bite the gnoll.
The gnoll is heavily wounded.
You block the gnoll's attack.
You hit the gnoll but do no damage.
The gnoll is heavily wounded.
The gnoll hits you with a +0 halberd.
The orc priest hits you but does no damage.
You barely miss the orc priest. The gnoll hits you with a +0 halberd!
The orc priest closely misses you.
You closely miss the gnoll. You punch the gnoll.
The gnoll is almost dead.
The gnoll completely misses you. You block the gnoll's attack.
The orc priest looks satisfied for a moment.
The orc completely misses you.
The orc priest attacks as you move away!
The orc priest hits you with a +2 flail of holy wrath!
You convulse.
The gnoll attacks as you move away! The gnoll hits you with a +0 halberd!
* * * LOW HITPOINT WARNING * * *
You block the gnoll's attack.
The orc priest attacks as you move away!
The orc priest hits you with a +2 flail of holy wrath.
* * * LOW HITPOINT WARNING * * *
You convulse.
* * * LOW HITPOINT WARNING * * *
The orc priest calls down the wrath of Beogh upon you.
Pain shoots through your body!
You die...

****** *#................#*,,,,*
,,,,,####............[....##,,,,*
**,,,...................#..#*,,**
****#o................##.)##,**
##......)%........####..#**
#####.)##.............# #..##
....#..##.............# ##..#
.......###............# ##.##
......g.##......h.....# #..#
......g.###...o......## #####.##
........o##..gog...### ##......#
........o.##..o...## ###.......##
..........g#g.##### ##..........#
...........#..# ##...........#
...........)>.# ##.............
..............# ##..............
..............# ##...............


You could see an orc priest, an orc wizard, 2 gnolls, an orc and a goblin.

Vanquished Creatures
  2 orc priests (D:4)
  A gnoll bouda (D:4)
  5 adders
  6 gnolls
  2 worms
  2 dart slugs
  4 orcs
  3 ball pythons
  9 bats
  2 endoplasms (D:1)
  3 giant cockroaches
  A goblin (D:1)
  2 hobgoblins
  2 jackals (D:4)
  A quokka (D:1)
  5 frilled lizards
  7 rats
57 creatures vanquished.

Vanquished Creatures (others)
  A jelly (D:4)
  3 endoplasms (D:2)
  A hobgoblin (D:3)
  A bat (D:2)
6 creatures vanquished.

Grand Total: 63 creatures vanquished

Notes
Turn   | Place    | Note
-------+----------+-------------------------------------------
     0 | D:1      | senseless the Demonspawn Shapeshifter began the quest for
                  | the Orb.
     0 | D:1      | Reached XP level 1. HP: 15/15 MP: 1/1
   248 | D:1      | Gained mutation: Your touch may inflict minor irresistible
                  | damage on your foes. [demonic ancestry]
   248 | D:1      | Reached XP level 2. HP: 21/21 MP: 2/2
   673 | D:1      | Found Hapu's Antique Weapon Emporium.
   734 | D:1      | Found a faded altar of an unknown god.
   743 | D:1      | Prayed at the altar of an unknown god.
   743 | D:1      | Became a worshipper of Jiyva Jucehien the Shapeless
   743 | D:1      | Reached * piety under Jiyva
   944 | D:2      | Gained mutation: You regenerate magic rapidly. [demonic
                  | ancestry]
   944 | D:2      | Reached XP level 3. HP: 26/26 MP: 3/3
  1174 | D:2      | Reached XP level 4. HP: 33/33 MP: 4/4
  1346 | D:3      | Reached ** piety under Jiyva
  1443 | D:3      | Found a bloodstained altar of Trog.
  1448 | D:3      | Found a snail-covered altar of Cheibriados.
  1448 | D:3      | Found a burning altar of Makhleb.
  1459 | D:3      | Found a shimmering altar of Xom.
  1462 | D:3      | Found a stormy altar of Qazlal.
  2073 | D:3      | Reached *** piety under Jiyva
  2156 | D:4      | Gained mutation: Your melee attacks may engulf your foes in
                  | ooze. [Jiyva's grace]
  2156 | D:4      | Gained mutation: You have acidic saliva. [Jiyva's grace]
  2156 | D:4      | Gained mutation: You are robust. (+10% HP) [Jiyva's grace]
  2156 | D:4      | Gained mutation: You are very robust. (+20% HP) [Jiyva's
                  | grace]
  2351 | D:4      | Gained mutation: Your touch may inflict irresistible damage
                  | on your foes. [demonic ancestry]
  2351 | D:4      | Reached XP level 5. HP: 41/46 MP: 5/5
  2695 | D:4      | Reached **** piety under Jiyva
  2725 | D:4      | Killed from afar by an orc priest

Illustrated notes

Levels and vault maps discovered:
D:1:      heliophobic_arrival_dark_side_of_the_moon, layout_loops_ring,
          serial_shops, nicolae_shop_advertising_works
          [nicolae_subvault_shop_adworks],
          dreamdust_ecumenical_altar_hidden_monk_grotto, minivault_25
D:2:      layout_basic
D:3:      layout_loops_corners, minmay_overflow_temple_star_hex
D:4:      layout_cave_pods

Skill      XL: |  1  2  3  4  5 |
---------------+----------------+-----
Dodging        | 2 3 |  3.1
Unarmed Combat | 3 |  3.7
Shapeshifting  | 3 |  3.5
Fighting       | 2 |  2.9

Action                     |  1- 3 |  4- 6 || total
---------------------------+-------+-------++-------
  Melee: Unarmed           |    74 |    51 ||   125
         Touch             |    10 |    11 ||    21
         Bite              |       |     4 ||     4
         Punch             |       |     1 ||     1
  Throw: Javelin           |     5 |       ||     5
    Use: Scroll            |       |     8 ||     8
 Armour: Leather armour    |    18 |       ||    18
         Animal skin       |     2 |       ||     2
         Ring mail         |    10 |    13 ||    23
  Dodge: Dodged            |    52 |    21 ||    73
  Block: Other             |       |    13 ||    13
         Reflection        |       |     1 ||     1
         Form:             |     1 |       ||     1
         Beast             |     1 |       ||     1

Table legend: (Time is in decaauts)
 A = Elapsed time spent in this place.
 B = Non-inter-level travel time spent in this place.
 C = Inter-level travel time spent in this place.
 D = Time resting spent in this place.
 E = Time spent auto-exploring this place.
 F = Levels seen in this place.
 G = Mean time per level.
                   A        B        C        D        E       F      G
               +--------+--------+--------+--------+--------+-----+--------+
         Total |   2722 |   2610 |    112 |     13 |   2177 |   4 |  680.5 |
       Dungeon |   2722 |   2610 |    112 |     13 |   2177 |   4 |  680.5 |
               +--------+--------+--------+--------+--------+-----+--------+

Top non-repeatable levels by time:
     D:1: 912 daAuts
     D:3: 864 daAuts
     D:4: 551 daAuts
     D:2: 393 daAuts
